AoeStats
← yt536390

Arabia

510163401Analyzed
1v1 RM · 3d ago on Sep 29, 2026· 41m 59s· 2 players
Game mode
Random Map
Map size
Tiny (2 player)
Population
200
Speed
Normal
Resources
Standard
Victory
Conquest
Starting age
Dark Age
Ending age
Imperial Age
RankedLock teamsTeams togetherTeam positionsShared explorationLock speedFull tech treeHidden civsTurbo modeCheats
Victory
Defeat
🇧🇷 Chinese · Brazil
1939
+11
🇨🇳 Mongols · China
1820
-11
Fs.China
0:25 Loom
8:19 Feudal Age
14:45 Double-Bit Axe
15:06 Fletching
15:25 Double-Bit Axe
20:32 Castle Age
18:48 Horse Collar
19:59 Padded Archer Armor
19:53 Gold Mining
20:32 Elite Skirmisher
21:08 Bodkin Arrow
22:44 Ballistics
23:06 Bow Saw
23:53 Crossbowman
28:04 Wheelbarrow
30:08 Town Watch
34:32 Imperial Age
34:16 Heavy Plow
34:06 Gold Mining
35:17 Bracer
37:14 Arbalester
38:00 Thumb Ring
40:26 Leather Archer Armor
yt536390
8:13 Feudal Age
8:47 Man-at-Arms
12:50 Loom
13:54 Double-Bit Axe
14:28 Fletching
20:28 Castle Age
19:17 Padded Archer Armor
19:04 Horse Collar
19:51 Gold Mining
20:33 Crossbowman
21:37 Bodkin Arrow
22:53 Ballistics
23:33 Elite Skirmisher
24:34 Elite Skirmisher
30:53 Wheelbarrow
32:13 Bloodlines
33:36 Husbandry
33:53 Scale Barding Armor
34:20 Forging
34:56 Chain Barding Armor
35:03 Forging
38:27 Iron Casting
Connection lost

Rejoining the realm…

Still unreachable

The connection could not be restored.

Session expired

The server has moved on; the page needs a fresh start.